 Dungeon Crawl Stone Soup version 0.30-a0-972-gf3ab3527aa (webtiles) character file.

Game seed: 16935975598679510610

55 Newt the Trooper (level 3, 0/30 HPs)
             Began as a Demonspawn Gladiator on Mar 31, 2023.
             Killed from afar by a dart slug (4 damage)
             ... with a slug dart
             ... on level 2 of the Dungeon.
             The game lasted 00:01:20 (944 turns).

Newt the Trooper (Demonspawn Gladiator)              Turns: 944, Time: 00:01:21

Health: 0/30       AC:  4    Str: 16    XL:     3   Next: 67%
Magic:  3/3        EV: 10    Int:  9    God:
Gold:   57         SH:  7    Dex: 14    Spells: 2/2 levels left

rFire   . . .      SeeInvis .    a - +0 rapier
rCold   . . .      Faith    .    f - +0 kite shield
rNeg    . . .      Spirit   .    b - +0 leather armour
rPois   .          Reflect  .    c - +0 helmet
rElec   .          Rampage  .    (no cloak)
rCorr   .                        (no gloves)
Will    .....                    (no boots)
Stlth   +                        (no amulet)
HPRegen 0.25/turn                (no ring)
MPRegen 0.16/turn                (no ring)

@: no status effects
A: powered by death 1, magic regeneration
a: no special abilities


You were on level 2 of the Dungeon.
You visited 1 branch of the dungeon, and saw 2 of its levels.

You collected 57 gold pieces.

Inventory:

Hand Weapons
 a - a +0 rapier (weapon)
Missiles
 d - 2 throwing nets (quivered)
 e - a javelin
 g - 9 stones
Armour
 b - a +0 leather armour (worn)
 c - a +0 helmet (worn)
 f - a +0 kite shield (worn)
Wands
 j - a wand of quicksilver (9)
Potions
 h - a potion of curing
 i - a potion of attraction {unknown}


   Skills:
 - Level 4.0 Fighting
 - Level 2.6 Short Blades
 - Level 1.7 Throwing
 - Level 2.6 Dodging
 + Level 0.5 Shields


You had 2 spell levels left.
You didn't know any spells.
Your spell library was empty.

Dungeon Overview and Level Annotations

Branches:
Dungeon (2/15)

Altars:


Innate Abilities, Weirdness & Mutations

You regenerate a little health from kills.
You regenerate magic rapidly.


Message History

The slug dart misses you. The dart slug launches a dart at you.
The slug dart hits you.
* * * LOW HITPOINT WARNING * * *
You see here an adder corpse.
You hit the dart slug.
The dart slug is lightly wounded.
You hit the dart slug.
The dart slug is moderately wounded.
The dart slug launches a dart at you. You block the slug dart.
You hit the dart slug.
The dart slug is severely wounded.
The dart slug launches a dart at you.
The slug dart hits you but does no damage.
You hit the dart slug.
The dart slug is severely wounded.
The dart slug launches a dart at you. The slug dart hits you.
* * * LOW HITPOINT WARNING * * *
Throw: 3 throwing nets
Press: ? - help, Q - select action, (/) - cycle Shift-Dir - straight line, f - dart slug
Aim: a dart slug (severely wounded, 93% to hit)
You throw a throwing net. The throwing net hits the dart slug.
The dart slug is caught in the net!
The dart slug is severely wounded.
The dart slug struggles against the net.
You hit the dart slug but do no damage.
The dart slug is severely wounded.
The dart slug struggles against the net.
You hit the dart slug.
The dart slug is almost dead.
The dart slug struggles against the net.
You hit the dart slug but do no damage.
The dart slug is almost dead.
You hit the dart slug but do no damage.
The dart slug is almost dead.
The dart slug launches a dart at you. The slug dart hits you.
You die...

#...# ##...#.# #
#########.###..# #
#........## ##.## #
#.#####.## ##.# #
#.##....# #[#
######.##.##.# ##.#
#...#...#.###.## ##.####
#..............###.....#
#...#...#.####.w@.####.#
#......##.# #..######.#
.........#. #.........
#.....###.## #...#####.
##.#.## # #.#... #.#.#
#...### #.†..# #####
#....# #....#


You could see a dart slug (caught).

Vanquished Creatures
  2 adders (D:2)
  2 dart slugs (D:1)
  4 endoplasms (D:1)
  A giant cockroach (D:1)
  3 goblins (D:1)
  A hobgoblin (D:1)
  3 jackals (D:1)
  4 ball pythons (D:1)
  2 bats (D:1)
  3 frilled lizards
  3 kobolds (D:1)
  5 rats (D:1)
33 creatures vanquished.

Notes
Turn   | Place    | Note
-------+----------+-------------------------------------------
     0 | D:1      | Newt the Demonspawn Gladiator began the quest for the Orb.
     0 | D:1      | Reached XP level 1. HP: 16/16 MP: 1/1
   248 | D:1      | Gained mutation: You regenerate a little health from kills.
                  | [demonic ancestry]
   248 | D:1      | Reached XP level 2. HP: 23/23 MP: 2/2
   272 | D:1      | Reached skill level 3 in Fighting
   437 | D:1      | Gained mutation: You regenerate magic rapidly. [demonic
                  | ancestry]
   437 | D:1      | Reached XP level 3. HP: 29/29 MP: 3/3
   934 | D:2      | Reached skill level 4 in Fighting
   944 | D:2      | Killed from afar by a dart slug

Illustrated notes

Levels and vault maps discovered:
D:1:      dpeg_chamrin_arrival_tetris, layout_rooms, nrook_mini_vaults
D:2:      layout_loops_ring, corexii_corridor_pit

Skill      XL: |  1  2  3 |
---------------+----------+-----
Fighting       | 3 4 |  4.0
Short Blades   | |  2.6
Throwing       | |  1.7
Dodging        | |  2.6
Shields        | |  0.5

Action                     || total
---------------------------++-------
  Melee: Rapier            ||   129
  Throw: Throwing net      ||     1
    Use: Scroll            ||     1
 Armour: Leather armour    ||    44
  Dodge: Dodged            ||    80
  Block: Kite shield       ||    62

Table legend: (Time is in decaauts)
 A = Elapsed time spent in this place.
 B = Non-inter-level travel time spent in this place.
 C = Inter-level travel time spent in this place.
 D = Time resting spent in this place.
 E = Time spent auto-exploring this place.
 F = Levels seen in this place.
 G = Mean time per level.
                   A        B        C        D        E       F      G
               +--------+--------+--------+--------+--------+-----+--------+
         Total |    975 |    961 |     14 |    148 |    534 |   2 |  487.5 |
       Dungeon |    975 |    961 |     14 |    148 |    534 |   2 |  487.5 |
               +--------+--------+--------+--------+--------+-----+--------+

Top non-repeatable levels by time:
     D:1: 677 daAuts
     D:2: 297 daAuts
